TOP OF THE 1ST |
Indianapolis HS Chaos batting - Pitching for Butler HS Golden Tornado : RHP Alan Mobley
|
Pitching: RHP Alan Mobley
|
|
Batting: SHB Mark Hendree
|
0-0: Ball 1-0: Called Strike 1-1: Swinging Strike 1-2: Ground out 4-3 (Groundball, 4)
|
Batting: RHB Johnny Becker
|
0-0: Ball 1-0: Ball 2-0: Foul Ball, location: 2F 2-1: Ball 3-1: Foul Ball, location: 2F 3-2: DOUBLE (Line Drive, 5D)
|
Batting: LHB Ben Donaldson
|
0-0: Called Strike 0-1: Fly out, F7 (Line Drive, 7LM)
|
Batting: RHB Michael Hastings
|
0-0: Called Strike 0-1: Foul Ball, location: 2F 0-2: Ball 1-2: Ball 2-2: Ball 3-2: Base on Balls
|
Batting: RHB Curt David
|
0-0: SINGLE (Line Drive, 89S) Johnny Becker to third Michael Hastings to second
|
Batting: RHB Patrice Charette
|
0-0: Swinging Strike 0-1: Ball 1-1: Called Strike 1-2: Foul Ball, location: 2F 1-2: Ball 2-2: Ball 3-2: Ground out 1-3 (Groundball, 15)
|
Top of the 1st over - 0 run(s), 2 hit(s), 0 error(s), 3 left on base; Indianapolis HS 0 - Butler HS 0 |
BOTTOM OF THE 1ST |
Butler HS Golden Tornado batting - Pitching for Indianapolis HS Chaos : RHP Henry Lockyer
|
Pitching: RHP Henry Lockyer
|
|
Batting: RHB Keith Gamble
|
0-0: SINGLE (Line Drive, 56D)
|
Batting: SHB Myles Hopkins
|
0-0: Ball 1-0: Fly out, F7 (Flyball, 7M)
|
Batting: RHB Mike Morton
|
0-0: Ball 1-0: Ball 2-0: Called Strike 2-1: Ground out 5-3 (Groundball, 5S) Keith Gamble to second
|
Batting: LHB Joe Vásquez
|
0-0: Ball 1-0: Called Strike 1-1: Foul Ball, location: 2F 1-2: Ball 2-2: Strikes out swinging
|
Bottom of the 1st over - 0 run(s), 1 hit(s), 0 error(s), 1 left on base; Indianapolis HS 0 - Butler HS 0 |
TOP OF THE 2ND |
Indianapolis HS Chaos batting - Pitching for Butler HS Golden Tornado : RHP Alan Mobley
|
Batting: RHB Martin Hardy
|
0-0: Ball 1-0: Foul Ball, location: 2F 1-1: Ball 2-1: Swinging Strike 2-2: Foul Ball, location: 2F 2-2: Ball 3-2: Foul Ball, location: 2F 3-2: Strikes out swinging
|
Batting: RHB Zander von Strantz
|
0-0: Ball 1-0: Fly out, F9 (Flyball, 89M)
|
Batting: LHB Kyle Robbins
|
0-0: Ball 1-0: Called Strike 1-1: Swinging Strike 1-2: Ball 2-2: Foul Ball, location: 2F 2-2: Strikes out swinging
|
Top of the 2nd over - 0 run(s), 0 hit(s), 0 error(s), 0 left on base; Indianapolis HS 0 - Butler HS 0 |
BOTTOM OF THE 2ND |
Butler HS Golden Tornado batting - Pitching for Indianapolis HS Chaos : RHP Henry Lockyer
|
Batting: RHB Daniel Quintana
|
0-0: DOUBLE (Popup, 8RS)
|
Batting: RHB Héctor Meléndez
|
0-0: Called Strike 0-1: Ball 1-1: Fly out, F7 (Flyball, 78M)
|
Batting: RHB Tom Copeland
|
0-0: Fly out, F7 (Flyball, 7M)
|
Batting: RHB Warren Thornton
|
0-0: Ball 1-0: Ball 2-0: SINGLE (Flyball, 7S) Daniel Quintana to third Runner from 3rd tries for Home, SAFE, no throw or cutoff
|
Batting: LHB Juan Díaz
|
0-0: Ball 1-0: Ball 2-0: Called Strike 2-1: Swinging Strike 2-2: Ball 3-2: Base on Balls Warren Thornton to second
|
Batting: RHB Keith Gamble
|
0-0: Ball 1-0: Swinging Strike 1-1: Ball 2-1: 3-RUN HOME RUN (Flyball, 7D), Distance : 391 ft
|
Batting: SHB Myles Hopkins
|
0-0: Ball 1-0: Ball 2-0: Ball 3-0: Base on Balls
|
Batting: RHB Mike Morton
|
0-0: Ball 1-0: Ball 2-0: Swinging Strike 2-1: 2-RUN HOME RUN (Flyball, 78XD), Distance : 433 ft
|
Batting: LHB Joe Vásquez
|
0-0: Ball 1-0: Ball 2-0: Ball 3-0: Called Strike 3-1: Called Strike 3-2: Strikes out swinging
|
Bottom of the 2nd over - 6 run(s), 4 hit(s), 0 error(s), 0 left on base; Indianapolis HS 0 - Butler HS 6 |
TOP OF THE 3RD |
Indianapolis HS Chaos batting - Pitching for Butler HS Golden Tornado : RHP Alan Mobley
|
Batting: SHB Mark Hendree
|
0-0: Ball 1-0: Ball 2-0: Ball 3-0: Base on Balls
|
Batting: RHB Johnny Becker
|
0-0: Called Strike Mark Hendree steals 2nd base 0-1: Ball 1-1: Ball 2-1: Ground out 6-3 (Groundball, 6M) Mark Hendree to third
|
Batting: LHB Ben Donaldson
|
0-0: Swinging Strike 0-1: Foul Ball, location: 2F 0-2: Ball 1-2: Ball 2-2: Ball 3-2: Foul Ball, location: 2F 3-2: Fly out, F8 (Flyball, 78D) Runner from 3rd tags up, SCORES, no throw
|
Batting: RHB Michael Hastings
|
0-0: Called Strike 0-1: Ball 1-1: DOUBLE (Flyball, 89M)
|
Batting: RHB Curt David
|
0-0: Called Strike 0-1: Ball 1-1: Ball 2-1: Ball 3-1: Ground out 5-3 (Groundball, 5)
|
Top of the 3rd over - 1 run(s), 1 hit(s), 0 error(s), 1 left on base; Indianapolis HS 1 - Butler HS 6 |
BOTTOM OF THE 3RD |
Butler HS Golden Tornado batting - Pitching for Indianapolis HS Chaos : RHP Henry Lockyer
|
Batting: RHB Daniel Quintana
|
0-0: SINGLE (Groundball, 56)
|
Batting: RHB Héctor Meléndez
|
0-0: Ball 1-0: Ball 2-0: Ball 3-0: Called Strike 3-1: Base on Balls Daniel Quintana to second
|
Batting: RHB Tom Copeland
|
0-0: Ball 1-0: Called Strike 1-1: Fly out, F7 (Flyball, 78M)
|
Batting: RHB Warren Thornton
|
0-0: Foul Ball, location: 2F 0-1: Swinging Strike 0-2: Strikes out swinging
|
Batting: LHB Juan Díaz
|
0-0: Called Strike 0-1: Ball 1-1: Ball 2-1: TRIPLE (Groundball, 3L) Daniel Quintana scores Héctor Meléndez scores
|
Pitching: RHP Dennis Nicholas
|
|
Batting: RHB Keith Gamble
|
0-0: Called Strike 0-1: Ball 1-1: Ball 2-1: Ball 3-1: Foul Ball, location: 2F 3-2: Foul Ball, location: 2F 3-2: Base on Balls
|
Batting: SHB Myles Hopkins
|
0-0: Ball 1-0: Ball 2-0: Called Strike 2-1: Fly out, F6 (Popup, 56)
|
Bottom of the 3rd over - 2 run(s), 2 hit(s), 0 error(s), 2 left on base; Indianapolis HS 1 - Butler HS 8 |
TOP OF THE 4TH |
Indianapolis HS Chaos batting - Pitching for Butler HS Golden Tornado : RHP Alan Mobley
|
Batting: RHB Patrice Charette
|
0-0: Called Strike 0-1: Ground out 6-3 (Groundball, 6)
|
Batting: RHB Martin Hardy
|
0-0: Swinging Strike 0-1: Ball 1-1: Foul Ball, location: 2F 1-2: Foul Ball, location: 2F 1-2: Ball 2-2: Ground out 6-3 (Groundball, 6)
|
Batting: RHB Zander von Strantz
|
0-0: Called Strike 0-1: Ball 1-1: Called Strike 1-2: Strikes out swinging
|
Top of the 4th over - 0 run(s), 0 hit(s), 0 error(s), 0 left on base; Indianapolis HS 1 - Butler HS 8 |
BOTTOM OF THE 4TH |
Butler HS Golden Tornado batting - Pitching for Indianapolis HS Chaos : RHP Dennis Nicholas
|
Batting: RHB Mike Morton
|
0-0: Ball 1-0: Ball 2-0: Ball 3-0: Called Strike 3-1: Foul Ball, location: 2F 3-2: Base on Balls
|
Batting: LHB Joe Vásquez
|
0-0: Ball 1-0: Foul Ball, location: 2F 1-1: Foul Ball, location: 2F 1-2: Fly out, F9 (Flyball, 9LM)
|
Batting: RHB Daniel Quintana
|
0-0: Ground out 5-3 (Groundball, 56S) Mike Morton to second
|
Batting: RHB Héctor Meléndez
|
0-0: Swinging Strike 0-1: Called Strike 0-2: Ball 1-2: Strikes out swinging
|
Bottom of the 4th over - 0 run(s), 0 hit(s), 0 error(s), 1 left on base; Indianapolis HS 1 - Butler HS 8 |
TOP OF THE 5TH |
Indianapolis HS Chaos batting - Pitching for Butler HS Golden Tornado : RHP Alan Mobley
|
Batting: LHB Kyle Robbins
|
0-0: Called Strike 0-1: Ball 1-1: Swinging Strike 1-2: Foul Ball, location: 2F 1-2: Ball 2-2: Strikes out swinging
|
Pitching: RHP Harrison Dillon
|
|
Batting: SHB Mark Hendree
|
0-0: Called Strike 0-1: Ball 1-1: Fly out, F6 (Popup, 6D)
|
Batting: RHB Johnny Becker
|
0-0: Foul Ball, location: 2F 0-1: Swinging Strike 0-2: Strikes out swinging
|
Top of the 5th over - 0 run(s), 0 hit(s), 0 error(s), 0 left on base; Indianapolis HS 1 - Butler HS 8 |
BOTTOM OF THE 5TH |
Butler HS Golden Tornado batting - Pitching for Indianapolis HS Chaos : RHP Dennis Nicholas
|
Batting: RHB Tom Copeland
|
0-0: Ball 1-0: Ball 2-0: Called Strike 2-1: Foul Ball, location: 2F 2-2: Ground out 1-3 (Groundball, 13S)
|
Batting: RHB Warren Thornton
|
0-0: Called Strike 0-1: Foul Ball, location: 2F 0-2: Foul Ball, location: 2F 0-2: Ball 1-2: Ball 2-2: Strikes out looking
|
Batting: LHB Juan Díaz
|
0-0: Ball 1-0: Called Strike 1-1: SINGLE (Groundball, 56D)
|
Batting: RHB Keith Gamble
|
0-0: Ball 1-0: Ball 2-0: Ball 3-0: Called Strike 3-1: Base on Balls Juan Díaz to second
|
Batting: SHB Myles Hopkins
|
0-0: Foul Ball, location: 2F 0-1: Ball 1-1: Called Strike 1-2: Ball 2-2: Fly out, F5 (Popup, 2L)
|
Bottom of the 5th over - 0 run(s), 1 hit(s), 0 error(s), 2 left on base; Indianapolis HS 1 - Butler HS 8 |
TOP OF THE 6TH |
Indianapolis HS Chaos batting - Pitching for Butler HS Golden Tornado : RHP Harrison Dillon
|
Batting: LHB Ben Donaldson
|
0-0: Called Strike 0-1: Foul Ball, location: 2F 0-2: Ball 1-2: Ball 2-2: Strikes out swinging
|
Batting: RHB Michael Hastings
|
0-0: Called Strike 0-1: Foul Ball, location: 2F 0-2: Strikes out looking
|
Batting: RHB Curt David
|
0-0: SOLO HOME RUN (Flyball, 7D), Distance : 393 ft
|
Batting: RHB Patrice Charette
|
0-0: Ball 1-0: Ground out 6-3 (Groundball, 6)
|
Top of the 6th over - 1 run(s), 1 hit(s), 0 error(s), 0 left on base; Indianapolis HS 2 - Butler HS 8 |
BOTTOM OF THE 6TH |
Butler HS Golden Tornado batting - Pitching for Indianapolis HS Chaos : RHP Dennis Nicholas
|
Batting: RHB Mike Morton
|
0-0: Ball 1-0: SINGLE (Flyball, 9S)
|
Pitching: LHP Steve Turkington
|
|
Batting: LHB Joe Vásquez
|
0-0: Ball 1-0: Ball 2-0: Ball 3-0: Base on Balls Mike Morton to second
|
Batting: RHB Daniel Quintana
|
0-0: Foul Ball, location: 2F 0-1: Ball 1-1: Foul Ball, location: 2F 1-2: Foul Ball, location: 2F 1-2: Ground out 6-3 (Groundball, 6MS) Mike Morton to third Joe Vásquez to second
|
Batting: RHB Héctor Meléndez
|
0-0: Ground out 6-3 (Groundball, 6) Mike Morton scores
|
Batting: RHB Tom Copeland
|
0-0: Called Strike 0-1: Ball 1-1: SINGLE (Line Drive, 56) Joe Vásquez to third Runner from 3rd tries for Home, SAFE, no throw or cutoff
|
Batting: RHB Warren Thornton
|
0-0: Ball 1-0: Foul Ball, location: 2F 1-1: Called Strike Tom Copeland is caught stealing 2nd base
|
Bottom of the 6th over - 2 run(s), 2 hit(s), 0 error(s), 0 left on base; Indianapolis HS 2 - Butler HS 10 |
TOP OF THE 7TH |
Indianapolis HS Chaos batting - Pitching for Butler HS Golden Tornado : RHP Harrison Dillon
|
Batting: RHB Martin Hardy
|
0-0: Ball 1-0: Ball 2-0: Ball 3-0: Base on Balls
|
Batting: RHB Zander von Strantz
|
0-0: Ball 1-0: 2-RUN HOME RUN (Line Drive, 7LD), Distance : 347 ft
|
Batting: LHB Kyle Robbins
|
0-0: SINGLE (Flyball, 9LS)
|
Batting: SHB Mark Hendree
|
0-0: Ball Kyle Robbins steals 2nd base 1-0: Swinging Strike 1-1: Foul Ball, location: 2F 1-2: Strikes out looking
|
Pitching: LHP Pedro Infante
|
|
Batting: RHB Johnny Becker
|
0-0: Foul Ball, location: 2F 0-1: Ball 1-1: Foul Ball, location: 2F 1-2: Ground out 5-3 (Groundball, 56)
|
Batting: LHB Ben Donaldson
|
0-0: Swinging Strike 0-1: Swinging Strike 0-2: Foul Ball, location: 2F 0-2: Ball 1-2: Strikes out swinging
|
Top of the 7th over - 2 run(s), 2 hit(s), 0 error(s), 1 left on base; Indianapolis HS 4 - Butler HS 10 |
BOTTOM OF THE 7TH |
Butler HS Golden Tornado batting - Pitching for Indianapolis HS Chaos : LHP Steve Turkington
|
Batting: RHB Warren Thornton
|
0-0: Ball 1-0: Ball 2-0: DOUBLE (Groundball, 3L)
|
Batting: LHB Juan Díaz
|
0-0: Ball 1-0: Ball 2-0: Fly out, F8 (Flyball, 8LM)
|
Batting: RHB Keith Gamble
|
0-0: Ball 1-0: Fly out, F9 (Flyball, 9S)
|
Batting: SHB Myles Hopkins
|
0-0: Ball 1-0: Ball 2-0: Ball 3-0: Base on Balls
|
Batting: RHB Mike Morton
|
0-0: Called Strike 0-1: Foul Ball, location: 2F 0-2: Ball 1-2: Ball 2-2: Strikes out swinging
|
Bottom of the 7th over - 0 run(s), 1 hit(s), 0 error(s), 2 left on base; Indianapolis HS 4 - Butler HS 10 |
TOP OF THE 8TH |
Indianapolis HS Chaos batting - Pitching for Butler HS Golden Tornado : LHP Pedro Infante
|
Batting: RHB Michael Hastings
|
0-0: Ball 1-0: Ball 2-0: Ball 3-0: Called Strike 3-1: Fly out, F9 (Flyball, 9M)
|
Batting: RHB Curt David
|
0-0: Called Strike 0-1: Ball 1-1: Swinging Strike 1-2: Ball 2-2: Ball 3-2: Base on Balls
|
Batting: RHB Patrice Charette
|
0-0: Called Strike 0-1: Ball 1-1: Ball 2-1: Ball 3-1: Foul Ball, location: 2F 3-2: Foul Ball, location: 2F 3-2: Foul Ball, location: 2F 3-2: Base on Balls Curt David to second
|
Batting: RHB Martin Hardy
|
0-0: Ball 1-0: Called Strike 1-1: Ball Wild Pitch! Curt David to third Patrice Charette to second 2-1: Foul Ball, location: 2F 2-2: Foul Ball, location: 2F 2-2: Strikes out swinging
|
Batting: RHB Zander von Strantz
|
0-0: Ball 1-0: Ball 2-0: Called Strike 2-1: Ground out U3 (Groundball, 3S)
|
Top of the 8th over - 0 run(s), 0 hit(s), 0 error(s), 2 left on base; Indianapolis HS 4 - Butler HS 10 |
BOTTOM OF THE 8TH |
Butler HS Golden Tornado batting - Pitching for Indianapolis HS Chaos : LHP Steve Turkington
|
Batting: LHB Joe Vásquez
|
0-0: Swinging Strike 0-1: Swinging Strike 0-2: Ball 1-2: Strikes out swinging
|
Pitching: RHP Manny López
|
|
Batting: RHB Daniel Quintana
|
0-0: Called Strike 0-1: Foul Ball, location: 2F 0-2: Foul Ball, location: 2F 0-2: Ball 1-2: Strikes out swinging
|
Batting: RHB Héctor Meléndez
|
0-0: Foul Ball, location: 2F 0-1: Ball 1-1: Hit by Pitch
|
Batting: RHB Tom Copeland
|
0-0: Called Strike 0-1: Foul Ball, location: 2F 0-2: Ball 1-2: Strikes out swinging
|
Bottom of the 8th over - 0 run(s), 0 hit(s), 0 error(s), 1 left on base; Indianapolis HS 4 - Butler HS 10 |
TOP OF THE 9TH |
Indianapolis HS Chaos batting - Pitching for Butler HS Golden Tornado : LHP Pedro Infante
|
Batting: LHB Kyle Robbins
|
0-0: Ball 1-0: Swinging Strike 1-1: Ball 2-1: Ball 3-1: Base on Balls
|
Batting: SHB Mark Hendree
|
0-0: Ball 1-0: Called Strike 1-1: Called Strike 1-2: DOUBLE (Line Drive, 7LD) Kyle Robbins to third
|
Batting: RHB Johnny Becker
|
0-0: Called Strike 0-1: Ball 1-1: 3-RUN HOME RUN (Line Drive, 78XD), Distance : 432 ft
|
Pitching: RHP Steve Crowe
|
|
Batting: LHB Ben Donaldson
|
0-0: Called Strike 0-1: Ball 1-1: Ball 2-1: Foul Ball, location: 2F 2-2: SINGLE (Groundball, 4MD)
|
Batting: RHB Michael Hastings
|
0-0: Ball 1-0: Foul Ball, location: 2F 1-1: Ball 2-1: Ball 3-1: Base on Balls Ben Donaldson to second
|
Batting: RHB Curt David
|
0-0: Ball 1-0: Ball Passed Ball! Ben Donaldson to third Michael Hastings to second 2-0: Called Strike 2-1: Ball 3-1: Base on Balls
|
Batting: RHB Patrice Charette
|
0-0: Swinging Strike 0-1: Foul Ball, location: 2F 0-2: Ball 1-2: GRAND SLAM HOME RUN (Flyball, 9D), Distance : 407 ft
|
Pitching: RHP Todd Jackson
|
|
Batting: RHB Martin Hardy
|
0-0: Called Strike 0-1: Foul Ball, location: 2F 0-2: Ball 1-2: Ball 2-2: Ball 3-2: Strikes out looking
|
Batting: RHB Zander von Strantz
|
0-0: Called Strike 0-1: Ball 1-1: Foul Ball, location: 2F 1-2: Strikes out swinging
|
Batting: LHB Kyle Robbins
|
0-0: Called Strike 0-1: Foul Ball, location: 2F 0-2: Strikes out swinging
|
Top of the 9th over - 7 run(s), 4 hit(s), 0 error(s), 0 left on base; Indianapolis HS 11 - Butler HS 10 |
BOTTOM OF THE 9TH |
Butler HS Golden Tornado batting - Pitching for Indianapolis HS Chaos : RHP Manny López
|
Pitching: RHP Siméon Goupil
|
|
Now at 1B: Danny Giles
|
|
Now in LF: Jack Gillespie
|
|
Batting: RHB Warren Thornton
|
0-0: Foul Ball, location: 2F 0-1: Ball 1-1: Foul Ball, location: 2F 1-2: Ground out 5-3 (Groundball, 56)
|
Batting: LHB Juan Díaz
|
0-0: Ball 1-0: Ground out 6-3 (Groundball, 6)
|
Batting: RHB Keith Gamble
|
0-0: Ball 1-0: Ball 2-0: Ball 3-0: Called Strike 3-1: Base on Balls
|
Batting: SHB Myles Hopkins
|
0-0: Called Strike 0-1: Foul Ball, location: 2F 0-2: Ball 1-2: Foul Ball, location: 2F 1-2: Strikes out swinging
|
Bottom of the 9th over - 0 run(s), 0 hit(s), 0 error(s), 1 left on base; Indianapolis HS 11 - Butler HS 10 |
|